 Dungeon Crawl Stone Soup version 0.31-a0-705-ga145531891 (webtiles) character file.

Game seed: 13505268719465508344

1722 Xavori the Sneak (level 9, -1/61 HPs)
             Began as an Octopode Chaos Knight on Sept 10, 2023.
             Was a Plaything of Xom.
             Splashed by a jelly's acid (5 damage)
             ... on level 5 of the Dungeon.
             The game lasted 00:06:50 (13056 turns).

Xavori the Sneak (Octopode Chaos Knight)           Turns: 13056, Time: 00:06:51

Health: -1/61      AC: -2    Str: 16      XL:     9   Next: 4%
Magic:  9/9        EV: 15    Int: 13      God:    Xom [.*....]
Gold:   354        SH:  0    Dex: 13 (14) Spells: 8/8 levels left

rFire   . . .        p - +3 dagger (speed)
rCold   . . .        (no shield)
rNeg    + . .        (helmet restricted)
rPois   .            (no amulet)
rElec   .            g - ring of positive energy
rCorr   .            (no ring)
SInv    .            (no ring)
Will    .....        (no ring)
Stlth   ++++         (no ring)
HPRegen 0.30/turn    (no ring)
MPRegen 0.11/turn    (no ring)
                     (no ring)

%: no passive effects
@: corroded
A: almost no armour, amphibious, 8 rings, camouflage 1, gelatinous body 1,
(nimble swimmer 1), tentacles, fangs 1, iridescent scales 2, shaggy fur 1,
strong 1
a: Renounce Religion


You were on level 5 of the Dungeon.
You worshipped Xom.
You were a plaything of Xom.
You visited 1 branch of the dungeon, and saw 6 of its levels.
You also visited: Sewer.

You collected 354 gold pieces.

Inventory:

Hand Weapons
 a - a +0 short sword of chaos
 p - a +3 dagger of speed (weapon)
 s - a +2 short sword of venom
Jewellery
 g - a ring of positive energy (left tentacle)
Talismans
 i - a serpent talisman
Scrolls
 b - a scroll of butterflies
 e - 2 scrolls of poison
 q - 3 scrolls of blinking
 r - 2 scrolls of teleportation
 y - a scroll of fear
Potions
 c - a potion of attraction {unknown}
 d - 3 potions of enlightenment
 f - 2 potions of degeneration {unknown}
 h - 3 potions of curing
 j - 2 potions of haste
 k - a potion of might {unknown}
 o - a potion of heal wounds
 t - a potion of magic
 u - a potion of resistance {unknown}
 w - a potion of cancellation {unknown}


   Skills:
 + Level 5.0 Fighting
 + Level 6.9 Short Blades
 + Level 5.3 Dodging
 + Level 7.2 Stealth
 * Level 3.9 Shapeshifting


You had 8 spell levels left.
You didn't know any spells.
Your spell library contained the following spells:

 Spells                   Type           Power      Damage    Failure   Level
 Tukima's Dance           Hex            0%         N/A       67%         3
 Passage of Golubria      Tloc           0%         N/A       97%         4
 Yara's Violent Unravell  Hex/Tmut       0%         3d3       100%        5


Dungeon Overview and Level Annotations

Branches:
Dungeon (6/15)             Temple (0/1) D:5           Sewer (visited)

Altars:
Wu Jian


Innate Abilities, Weirdness & Mutations

You cannot wear most types of armour.
You are amphibious.
You can wear up to eight rings at the same time.
Your skin changes colour to match your surroundings (Stealth+).
Your rubbery body absorbs attacks. (AC +1, EV +1)
((You are camouflaged when in or above water. (Stealth+)))
You have tentacles for arms and can constrict up to eight enemies at once.
You have very sharp teeth.
You are mostly covered in iridescent scales. (AC +4)
You are covered in fur. (AC +1)
Your muscles are strong. (Str +4, Int/Dex -1)


Message History

The jelly hits you but does no damage.
You hit the jelly but do no damage.
Your tentacles burn!
You tentacle-slap the jelly.
The jelly is lightly wounded.
You hit the jelly.
Your tentacles burn!
The jelly is lightly wounded.
Unknown command.
You hit the jelly. The acid corrodes you!
Your tentacles burn!
The jelly is moderately wounded.
The jelly hits you. The acid corrodes you!
You are splashed with acid!
You hit the jelly but do no damage.
Your tentacles burn!
You tentacle-slap the jelly, but do no damage.
You bite the jelly, but do no damage.
The jelly is moderately wounded.
You hit the jelly but do no damage.
Your tentacles burn!
The jelly is moderately wounded.
The jelly hits you.
You are splashed with acid!
You hit the jelly but do no damage. The acid corrodes you!
Your tentacles burn!
You bite the jelly, but do no damage. Your squeeze misses the jelly.
The jelly is moderately wounded.
You are too injured to fight recklessly!
You hit the jelly.
Your tentacles burn!
Your tentacle-slap misses the jelly.
The jelly is moderately wounded.
The jelly hits you.
You are splashed with acid.
* * * LOW HITPOINT WARNING * * *
You hit the jelly but do no damage.
Your tentacles burn!
* * * LOW HITPOINT WARNING * * *
You squeeze the jelly!
The jelly is heavily wounded.
You hit the jelly but do no damage.
Your tentacles burn!
* * * LOW HITPOINT WARNING * * *
The jelly is heavily wounded.
The jelly misses you.
Unknown command.
You hit the jelly.
Your tentacles burn!
* * * LOW HITPOINT WARNING * * *
The jelly is severely wounded.
You hit the jelly.
Your tentacles burn!
You die...
Xom laughs nastily!

####.........#............
#.#..........#.......##...
#.#.......####............
#.+.............[.........
#.#.......#.....#.......#.
#.#######....#.......##.#.
####.#########..#.##.....#.#.
#........................#.#.
##.#.####...@............#...
#.#.##....J.#........#..#...
#.#.##.#.#...........#..#.##
#.#.##.#.##..........#..#.#.
#.#.##.#.......##...........
##.#.##.#######.##.##.....##.
#.......# #.##.........#.
####.#### #.##.........## #.#
######.##.........#


You could see a jelly.

Vanquished Creatures
  A gargoyle (D:5)
  A rime drake (shapeshifter) (D:3)
  A water moccasin (D:5)
  A black bear (D:5)
  An ogre (D:6)
  A centaur (D:5)
  4 wights
  A hound (D:4)
  A jelly (D:5)
  3 orc priests
  A gnoll bouda (D:5)
  Terence (D:2)
  4 orc wizards
  Robin (D:3)
  12 adders
  4 gnolls (D:5)
  A river rat (Sewer)
  A shadow imp (D:5)
  A worm (D:4)
  A dart slug (D:1)
  17 orcs
  11 ball pythons
  5 bats
  10 endoplasms
  3 giant cockroaches
  7 goblins
  14 hobgoblins
  6 jackals
  4 quokkas
  4 frilled lizards
  24 kobolds
  23 rats
170 creatures vanquished.

Vanquished Creatures (collateral kills)
  An orc wizard (D:4)
1 creature vanquished.

Grand Total: 171 creatures vanquished

Notes
Turn   | Place    | Note
-------+----------+-------------------------------------------
     0 | D:1      | Xavori the Octopode Chaos Knight began the quest for the
                  | Orb.
     0 | D:1      | Reached XP level 1. HP: 16/16 MP: 1/1
   112 | D:1      | Reached XP level 2. HP: 21/21 MP: 2/2
   299 | D:1      | XOM: 9-stop teleportation journey
   709 | D:1      | Reached XP level 3. HP: 20/26 MP: 3/3
   816 | D:1      | XOM: god gift: 2 bubbling brown potions {god gift}
  1270 | D:1      | XOM: god gift: 9 gold pieces
  1572 | D:1      | XOM: divination: magic mapping
  1866 | D:1      | XOM: divination: detect items
  2983 | D:1      | XOM: give mutations
  2983 | D:1      | Gained mutation: You are covered in fur. (AC +1) [Xom's
                  | grace]
  2983 | D:1      | Gained mutation: You have a beak for a mouth. [Xom's grace]
  2983 | D:1      | Gained mutation: Your muscles are strong. (Str +4, Int/Dex
                  | -1) [Xom's grace]
  2983 | D:1      | Gained mutation: You are robust. (+10% HP) [Xom's grace]
  3178 | D:1      | XOM: summons 3 hostile shadow creatures
  3859 | D:1      | XOM: silly message
  4018 | D:1      | XOM: noise
  4121 | D:1      | XOM is BORED!
  4729 | D:1      | XOM: give mutation
  4729 | D:1      | Lost mutation: You are robust. (+10% HP) [Xom's mischief]
  4845 | D:1      | XOM: cloud trail
  5530 | D:1      | XOM: scenery: 1 doors close
  5808 | D:1      | XOM: divination: detect items
  5840 | D:1      | XOM: silly message
  7689 | D:1      | XOM: noise
  7748 | D:1      | XOM: give mutations
  7748 | D:1      | Gained mutation: You possess an exceptional clarity of
                  | mind. [Xom's grace]
  7748 | D:1      | Gained mutation: You are partially covered in iridescent
                  | scales. (AC +2) [Xom's grace]
  7748 | D:1      | Gained mutation: One of your tentacles bears a spike.
                  | [Xom's grace]
  7748 | D:1      | Lost mutation: You have a beak for a mouth. [Xom's grace]
  7748 | D:1      | Gained mutation: You have very sharp teeth. [Xom's grace]
  7795 | D:2      | Reached skill level 1 in Stealth
  7805 | D:2      | Noticed Terence
  7816 | D:2      | Killed Terence
  7817 | D:2      | Reached skill level 2 in Stealth
  7817 | D:2      | Reached XP level 4. HP: 20/32 MP: 4/4
  8361 | D:3      | Reached XP level 5. HP: 36/36 MP: 5/5
  8566 | D:3      | Noticed Robin
  8571 | D:3      | Reached skill level 3 in Stealth
  8580 | D:3      | XOM: scenery: summon butterflies
  8584 | D:3      | XOM: divination: detect creatures
  8588 | D:3      | Killed Robin
  8989 | D:3      | Found an ornate altar of the Wu Jian Council.
  8990 | D:3      | Noticed an ogre
  8994 | D:3      | XOM: swap monsters
  8996 | D:3      | XOM: chaos upgrade
  8998 | D:3      | an ogre changed into a shapeshifter
  8998 | D:3      | Noticed a shapeshifter (shapeshifter)
  8998 | D:3      | XOM: polymorph ogre -> shapeshifter
  8998 | D:3      | a shapeshifter changed into a rime drake
  8998 | D:3      | Noticed a rime drake (shapeshifter)
  9007 | D:3      | Killed a rime drake
  9008 | D:3      | Reached skill level 4 in Stealth
  9008 | D:3      | Reached skill level 1 in Shapeshifting
  9008 | D:3      | Reached XP level 6. HP: 12/43 MP: 6/6
  9217 | D:3      | XOM: summons 4 hostile demons
  9644 | D:4      | XOM: blink monster(s)
  9648 | D:4      | Reached skill level 5 in Stealth
  9648 | D:4      | Reached XP level 7. HP: 48/48 MP: 7/7
  9685 | D:4      | Found a glowing drain.
  9698 | Sewer    | Entered a sewer
  9712 | Sewer    | XOM: give mutation
  9712 | Sewer    | Lost mutation: You possess an exceptional clarity of mind.
                  | [Xom's mischief]
  9729 | Sewer    | Reached skill level 5 in Short Blades
 10160 | Sewer    | XOM: summons 1 hostile demon
 10275 | D:4      | XOM: butterfly on damage
 10277 | D:4      | XOM: summons 3 friendly demons
 10518 | D:4      | You fall into a shaft and drop 2 floors!
 10787 | D:6      | XOM: 1-stop teleportation journey
 10891 | D:5      | Entered Level 5 of the Dungeon
 10917 | D:5      | XOM: enchant monster (bad)
 10942 | D:5      | XOM: silly message
 10957 | D:5      | Reached XP level 8. HP: 31/54 MP: 8/8
 11026 | D:5      | XOM: god gift: scroll labelled JARYLY VI IR TABB {god gift}
 11282 | D:4      | XOM: give mutations
 11282 | D:4      | Lost mutation: One of your tentacles bears a spike. [Xom's
                  | mischief]
 11282 | D:4      | Gained mutation: You are mostly covered in iridescent
                  | scales. (AC +4) [Xom's mischief]
 12123 | D:5      | Noticed a gargoyle
 12143 | D:5      | Killed a gargoyle
 12144 | D:5      | Reached skill level 6 in Stealth
 12296 | D:5      | XOM: enchant monster (good)
 12297 | D:5      | XOM: destruction
 12318 | D:5      | Reached skill level 5 in Dodging
 12318 | D:5      | XOM: cleaving
 12380 | D:5      | XOM: potion effect (curing)
 12442 | D:5      | Reached skill level 7 in Stealth
 12594 | D:5      | Found a staircase to the Ecumenical Temple.
 12714 | D:5      | Reached skill level 5 in Fighting
 12714 | D:5      | Reached XP level 9. HP: 61/61 MP: 9/9
 12941 | D:4      | XOM: stat loss: -1 Dex (13/14)
 13056 | D:5      | Splashed by a jelly's acid

Illustrated notes

Levels and vault maps discovered:
D:1:      lemuel_arrival_funnel, layout_loops_cross, minmay_box_of_dots
D:2:      minmay_alternating_diamond, layout_rooms, uniq_terence
D:3:      layout_loops_corners, mainiacjoe_overflow_boulevard, uniq_robin
D:4:      layout_layer_cave, cheibrodos_sewer_entry_drain
D:5:      layout_basic, minmay_temple_entry_slanted, minmay_misc_feat_rugged,
          nicolae_nh_oracle_at_delphi
D:6:      layout_basic

Skill      XL: |  1  2  3  4  5  6  7  8 |
---------------+-------------------------+-----
Stealth        | 2 4 5 7 |  7.2
Short Blades   | 4 5 6 |  6.9
Dodging        | 3 4 5 |  5.3
Shapeshifting  | 1 2 3 |  3.9
Fighting       | 4 5 |  5.0

Action                     |  1- 3 |  4- 6 |  7- 9 || total
---------------------------+-------+-------+-------++-------
  Melee: Short sword       |    73 |    47 |       ||   120
         Constrict         |    20 |    23 |    59 ||   102
         Tentacles         |    10 |    19 |    73 ||   102
         Punch             |     1 |       |     6 ||     7
         Kick              |    11 |    20 |    59 ||    90
         Bite              |     6 |    11 |    48 ||    65
         Dagger            |       |    40 |   301 ||   341
    Use: Potion            |     1 |     3 |     6 ||    10
         Scroll            |       |       |    11 ||    11
   Stab: Sleeping          |     6 |     6 |     6 ||    18
         Invisible         |       |       |     2 ||     2
 Armour: Skin              |    28 |    43 |   111 ||   182
  Dodge: Dodged            |    41 |    36 |   124 ||   201

Table legend: (Time is in decaauts)
 A = Elapsed time spent in this place.
 B = Non-inter-level travel time spent in this place.
 C = Inter-level travel time spent in this place.
 D = Time resting spent in this place.
 E = Time spent auto-exploring this place.
 F = Levels seen in this place.
 G = Mean time per level.
                   A        B        C        D        E       F      G
               +--------+--------+--------+--------+--------+-----+--------+
         Total |  12853 |  12706 |    147 |   7886 |   3831 |   7 | 1836.1 |
       Dungeon |  12344 |  12197 |    147 |   7886 |   3473 |   6 | 2057.3 |
         Sewer |    509 |    509 |      0 |      0 |    358 |   1 |  509.0 |
               +--------+--------+--------+--------+--------+-----+--------+

Top non-repeatable levels by time:
     D:1: 7605 daAuts
     D:4: 1511 daAuts
     D:3: 1351 daAuts
     D:5: 874 daAuts
     D:2: 643 daAuts
   Sewer: 509 daAuts
     D:6: 358 daAuts
